 Dungeon Crawl Stone Soup version 0.28.0-47-ge53b351184 (webtiles) character file.

Game seed: 17157762195493092156

362 powerkranz the Skirmisher (level 6, -7/78 HPs)
             Began as a Human Berserker on May 5, 2022.
             Was a Priest of Trog.
             Mangled by an ogre
             ... wielding a +0 giant club
              (14 damage)
             ... on level 4 of the Dungeon.
             The game lasted 00:15:22 (4579 turns).

powerkranz the Skirmisher (Human Berserker)         Turns: 4579, Time: 00:15:23

Health: -7/78      AC: 13    Str: 19    XL:     6   Next: 99%
Magic:  6/6        EV:  6    Int:  8    God:    Trog [***...]
Gold:   239        SH:  0    Dex: 12    Spells: 5/5 levels left

rFire   . . .      SeeInvis .   a - +0 spear
rCold   . . .      Faith    .   (no shield)
rNeg    . . .      Spirit   .   d - +1 plate armour
rPois   .          Reflect  .   (no helmet)
rElec   .          Harm     .   (no cloak)
rCorr   .          Rampage  .   (no gloves)
Will    ++...                   (no boots)
Stlth   ..........              (no amulet)
HPRegen 1.23/turn               (no ring)
MPRegen 0.10/turn               (no ring)

@: berserking, strong-willed, regenerating, very quick
A: no striking features
a: Renounce Religion, Berserk, Trog's Hand


You were on level 4 of the Dungeon.
You worshipped Trog.
Trog was most pleased with you.
You visited 1 branch of the dungeon, and saw 5 of its levels.

You collected 239 gold pieces.

Inventory:

Hand Weapons
 a - a +0 spear (weapon)
Armour
 b - a +0 animal skin
 c - a +0 ring mail
 d - a +1 plate armour (worn)
Jewellery
 h - an amulet of the acrobat
 m - a ring of flight
Scrolls
 e - a scroll of fear {unknown}
 f - 4 scrolls of teleportation
 i - a scroll of enchant weapon {unknown}
 l - a scroll of fog
 n - a scroll of blinking {unknown}
Potions
 g - a potion of haste {unknown}
 j - 3 potions of lignification {unknown}
 k - 4 potions of ambrosia {unknown}


   Skills:
 + Level 5.6 Fighting
 - Level 3.0 Polearms
 + Level 4.8 Armour
 - Level 2.0 Dodging
 + Level 0.3 Stealth


You had 5 spell levels left.
You didn't know any spells.
Your spell library was empty.

Dungeon Overview and Level Annotations

Branches:
Dungeon (5/15)
 Temple: D:4-7

Altars:
Xom


Message History

The adder is moderately wounded.
The adder bites you but does no damage.
You barely miss the adder.
The adder is moderately wounded.
The ogre hits you with a +0 giant club!!
Ouch! That really hurt!
The adder bites you.
There is a stone staircase leading up here.
The adder barely misses you. The ogre hits you with a +0 giant club!
* * * LOW HITPOINT WARNING * * *
The adder bites you but does no damage.
You climb upwards.
There is a stone staircase leading down here.
Your skin crawls.
You feel strong-willed. The adder bites you.
* * * LOW HITPOINT WARNING * * *
The ogre closely misses you.
A red film seems to cover your vision as you go berserk!
You feel yourself moving faster!
You feel mighty! The adder closely misses you.
You closely miss the adder.
The adder is moderately wounded.
The adder closely misses you. The ogre closely misses you.
You miss the adder.
The adder is moderately wounded.
The adder bites you but does no damage.
You barely miss the adder.
The adder is moderately wounded.
The ogre hits you with a +0 giant club!
* * * LOW HITPOINT WARNING * * *
The adder bites you but does no damage.
You puncture the adder!
You kill the adder!
Trog accepts your kill.
You hit the ogre.
The ogre is lightly wounded.
You puncture the ogre!
The ogre is severely wounded.
The ogre hits you with a +0 giant club!
You die...

#.#..#.########.#
#.#....#....[.#.#
#.##.#........#.####### #######
#....'............^...# #.....#
####.#................#
#.....## #....<...............#
#.......
#.#.###'#............###.......
#.#....[......O>.....).........
#.#..........#@................
#.##.....#####.................
#.##..............########...##
#.##.........###'######........
#.########...#..........####.##
#.########...#.................
#.#..........#..........#####.#
#.#..........#<.........<......
#.#....).....#....../...####.#.


You could see an ogre.

Vanquished Creatures
  A centaur (D:4)
  An orc priest (D:3)
  A gnoll shaman (D:3)
  An iguana (D:4)
  4 gnolls (D:3)
  3 adders
  2 adder skeletons (D:4)
  A worm (D:4)
  2 dart slugs
  12 orcs
  7 ball pythons
  3 endoplasms (D:1)
  A giant cockroach (D:1)
  14 goblins
  9 hobgoblins
  2 jackals (D:2)
  6 quokkas
  12 bats
  7 frilled lizards
  9 kobolds
  9 rats
107 creatures vanquished.

Vanquished Creatures (others)
  7 fungi (D:2)
  2 plants (D:2)
9 creatures vanquished.

Grand Total: 116 creatures vanquished

Notes
Turn   | Place    | Note
-------+----------+-------------------------------------------
     0 | D:1      | powerkranz the Human Berserker began the quest for the Orb.
     0 | D:1      | Reached XP level 1. HP: 18/18 MP: 1/1
   217 | D:1      | Reached XP level 2. HP: 24/24 MP: 2/2
   530 | D:1      | Reached ** piety under Trog
   561 | D:1      | Reached XP level 3. HP: 30/30 MP: 3/3
  1191 | D:2      | Reached skill level 4 in Fighting
  1413 | D:2      | Reached XP level 4. HP: 37/37 MP: 4/4
  1429 | D:2      | Found a faded altar of an unknown god.
  1552 | D:2      | Found a shimmering altar of Xom.
  2120 | D:3      | Reached XP level 5. HP: 43/43 MP: 5/5
  2420 | D:3      | Reached skill level 5 in Fighting
  3159 | D:3      | Reached XP level 6. HP: 51/51 MP: 6/6
  3182 | D:3      | Reached *** piety under Trog
  4561 | D:5      | Entered Level 5 of the Dungeon
  4561 | D:5      | Noticed an ogre
  4579 | D:4      | Mangled by an ogre

Illustrated notes

Levels and vault maps discovered:
D:1:      lightli_arrival_quake, layout_basic, serial_curves, eino_curves_02,
          eino_curves_03, minmay_bisected
D:2:      layout_rooms, shapermc_ecumenical_altar_mp_urbaneastern, basic_altar
D:3:      cheibrodos_greedy_goblins, layout_rooms, minmay_puff
D:4:      layout_basic
D:5:      layout_loops_ring, lemuel_tele_altar, dk_yredelemnul_ordeal,
          grunt_ministairs_14, dk_noncrumbling_4, dk_vineyard_2,
          saegor_snake_ambush

Skill      XL: |  1  2  3  4  5  6 |
---------------+-------------------+-----
Fighting       | 4 5 |  5.6
Armour         | 3 4 |  4.8
Polearms       | |  3.0
Dodging        | |  2.0
Stealth        | |  0.3

Action                   |  1- 3 |  4- 6 || total
-------------------------+-------+-------++-------
Melee: Spear             |   164 |   338 ||   502
Invok: Berserk           |     1 |     3 ||     4
       Trog's Hand       |     1 |     3 ||     4
  Use: Scroll            |       |     6 ||     6
Armor: Plate armour      |   124 |   214 ||   338
Dodge: Dodged            |    61 |   105 ||   166
